 Dungeon Crawl Stone Soup version 0.27-b1-41-gafb5482f4b (webtiles) character file.

Game seed: 3807901769482020766

252 Cykl0x the Shield-Bearer (level 5, 0/47 HPs)
             Began as a Minotaur Fighter on July 28, 2021.
             Succumbed to a water moccasin's poison
             ... on level 4 of the Dungeon.
             The game lasted 00:05:17 (2374 turns).

Cykl0x the Shield-Bearer (Minotaur Fighter)         Turns: 2374, Time: 00:05:17

Health: 0/47       AC:  8    Str: 21    XL:     5   Next: 89%
Magic:  3/4        EV:  8    Int:  5    God:
Gold:   62         SH: 11    Dex: 10    Spells: 4/4 levels left

rFire    . . .     SeeInvis .   a - +1 long sword
rCold    . . .     Faith    .   c - +1 kite shield
rNeg     . . .     Spirit   +   b - +0 scale mail
rPois    .         Reflect  .   (helmet restricted)
rElec    .         Harm     .   (no cloak)
rCorr    .         Rampage  .   (no gloves)
Will     .....                  i - +0 pair of boots
Stlth    ..........             o - amulet of guardian spirit
HPRegen  0.15/turn              (no ring)
MPRegen  0.09/turn              (no ring)

@: mighty, lethally poisoned (0 -> -4), about to teleport, attractive, hasted,
studying Shields, very quick
A: horns 2, retaliatory headbutt
a: no special abilities


You were on level 4 of the Dungeon.
You visited 1 branch of the dungeon, and saw 4 of its levels.

You collected 62 gold pieces.

Inventory:

Hand Weapons
 a - a +1 long sword (weapon)
Missiles
 f - 6 stones
 m - 3 poisoned darts (quivered)
Armour
 b - a +0 scale mail (worn)
 c - a +1 kite shield (worn)
 i - a +0 pair of boots (worn)
Jewellery
 o - an amulet of guardian spirit (around neck)
Scrolls
 k - a scroll of teleportation
Potions
 e - 2 potions of haste


   Skills:
 + Level 4.5 Fighting
 + Level 4.2 Long Blades
 + Level 1.5 Throwing
 + Level 4.4 Armour
 * Level 2.3 Dodging
 + Level 5.2 Shields


You had 4 spell levels left.
You didn't know any spells.
Your spell library was empty.

Dungeon Overview and Level Annotations

Branches:
Dungeon (4/15)
 Temple: D:4-7

Altars:
Dithmenos
Fedhas


Innate Abilities, Weirdness & Mutations

You have a pair of horns on your head.
You reflexively headbutt those who attack you in melee.


Message History

You feel very sick. You block the water moccasin's attack.
The ball python bites you but does no damage.
The ball python constricts you. You block the water moccasin's attack.
It was a potion of magic.
Magic courses through your body.
* * * LOW HITPOINT WARNING * * *
You feel sick.
The ball python bites you but does no damage.
The ball python constricts you.
The water moccasin bites you but does no damage.
It was a potion of attraction.
You feel attractive to monsters.
* * * LOW HITPOINT WARNING * * *
You feel sick. The ball python barely misses you.
The ball python constricts you.
You feel very mighty all of a sudden.
* * * LOW HITPOINT WARNING * * *
You feel sick. You block the water moccasin's attack.
You slash the water moccasin!
You kill the water moccasin!
* * * LOW HITPOINT WARNING * * *
You feel sick.
The ball python bites you but does no damage.
The ball python constricts you.
Your Long Blades skill increases to level 4!
Your Dodging skill increases to level 2!
Your Shields skill increases to level 5!
You slash the ball python!
You kill the ball python!
* * * LOW HITPOINT WARNING * * *
You feel sick.
* * * LOW HITPOINT WARNING * * *
You feel sick.
You see here a ball python corpse.
Okay, then.
Okay, then.
Okay, then.
As you read the scroll of teleportation, it crumbles to dust.
You feel strangely unstable.
You die...

#.....# #.....# .
#.....# ######.....#
............#
............####
....#..........####
.....>............######
##...@...............)
#.............##.######
#.............##.#
#...(.#####...##.#
#..... #...##.# ....(..
#...##.# .#(...#
#...##.# ##...# #.# ..#


There were no monsters in sight!

Vanquished Creatures
  A water moccasin (D:4)
  4 gnolls (D:4)
  3 adders
  2 dart slugs
  3 orcs
  8 ball pythons
  6 bats
  4 endoplasms
  2 giant cockroaches
  4 goblins
  8 hobgoblins
  11 jackals
  3 quokkas
  5 frilled lizards
  4 kobolds
  2 rats (D:1)
70 creatures vanquished.

Vanquished Creatures (others)
  2 plants (D:3)
2 creatures vanquished.

Grand Total: 72 creatures vanquished

Notes
Turn   | Place    | Note
-------+----------+-------------------------------------------
     0 | D:1      | Cykl0x the Minotaur Fighter began the quest for the Orb.
     0 | D:1      | Reached XP level 1. HP: 19/19 MP: 0/0
   126 | D:1      | Reached XP level 2. HP: 27/27 MP: 1/1
   238 | D:1      | Reached skill level 4 in Shields
   637 | D:1      | Reached XP level 3. HP: 33/33 MP: 2/2
  1108 | D:2      | Reached skill level 1 in Dodging
  1414 | D:2      | Identified a scroll of acquirement
  1414 | D:2      | Acquired a manual of Shields
  1508 | D:3      | Found a shadowy altar of Dithmenos.
  1532 | D:3      | Reached XP level 4. HP: 40/40 MP: 3/3
  1609 | D:3      | Found a blossoming altar of Fedhas.
  1745 | D:3      | Found a faded altar of an unknown god.
  2275 | D:4      | Reached skill level 1 in Throwing
  2350 | D:4      | Reached XP level 5. HP: 47/47 MP: 4/4
  2358 | D:4      | Noticed a water moccasin
  2371 | D:4      | Killed a water moccasin
  2372 | D:4      | Reached skill level 5 in Shields
  2372 | D:4      | HP: 2/47 [poisoned by a water moccasin]
  2374 | D:4      | Succumbed to a water moccasin's poison

Illustrated notes

Levels and vault maps discovered:
D:1:      lemuel_arrival_lava_pool, layout_basic
D:2:      layout_rooms
D:3:      layout_basic, grunt_dithmenos_smoke_and_mirrors,
          fedhas_ov_isle_minmay, shapermc_ecumenical_altar_ellora,
          minmay_misc_feat_five
D:4:      layout_basic, mainiacjoe_overflow_large_starburst,
          ebering_ghost_reflecting_pool, wad_floor_pattern_untrapped,
          minmay_hedge_maze

Skill      XL: |  1  2  3  4  5 |
---------------+----------------+-----
Fighting       | 4 |  4.5
Shields        | 4 5 |  5.2
Armour         | 4 |  4.4
Dodging        | 1 2 |  2.3
Long Blades    | 3 4 |  4.2
Throwing       | 1 |  1.5

Action                   |  1- 3 |  4- 6 || total
-------------------------+-------+-------++-------
Melee: Long sword        |    93 |    42 ||   135
       Headbutt          |    14 |     3 ||    17
Throw: Stone             |    31 |     3 ||    34
       Dart              |    16 |    22 ||    38
  Use: Scroll            |     5 |     3 ||     8
       Potion            |       |     4 ||     4
Armor: Scale mail        |    44 |    33 ||    77
Dodge: Dodged            |    29 |    24 ||    53
Block: Kite shield       |    58 |    33 ||    91
       Rpst.: Long sword |     9 |     5 ||    14
